NYP
TRI-CITY VALLEYCATS @ EVERETT AQUASOX
09/10/2048
 
TOP OF THE 1ST
Tri-City ValleyCats batting - Pitching for Everett AquaSox : RHP Josh Newell
Pitching: RHP Josh Newell
Batting: RHB Omar Amaya 0-0: Ball
1-0: Ball
2-0: Ball
3-0: Base on Balls
Batting: LHB Jackson Trottier 0-0: Called Strike
Omar Amaya steals 2nd base (no throw)
0-1: Ball
Omar Amaya steals 3rd base
1-1: Swinging Strike
1-2: Strikes out swinging
Batting: LHB Josh Corkery 0-0: Ball
1-0: Ball
2-0: Foul Ball, location: 2F
2-1: Called Strike
2-2: Ball
3-2: Foul Ball, location: 2F
3-2: Strikes out looking
Batting: RHB Juan Mendoza 0-0: Ground out 6-3 (Groundball, 6, EV 83.8 MPH)
Top of the 1st over - 0 runs, 0 hits, 0 errors, 1 left on base; Tri-City 0 - Everett 0
BOTTOM OF THE 1ST
Everett AquaSox batting - Pitching for Tri-City ValleyCats : RHP Ryan Hoagland
Pitching: RHP Ryan Hoagland
Batting: SHB Tony Morales 0-0: Called Strike
0-1: Called Strike
0-2: Strikes out looking
Batting: RHB Jose Zuniga 0-0: Called Strike
0-1: Ball
1-1: DOUBLE (Line Drive, 89M, EV 97.5 MPH)
Batting: RHB Marco Diaz 0-0: Ground out 4-3 (Groundball, 4, EV 90.6 MPH)
Jose Zuniga to third
Batting: LHB Chris Jackson 0-0: Ball
1-0: Foul Ball, location: 2F
1-1: Ball
2-1: Ball
3-1: Swinging Strike
3-2: Fly out, F2 (Popup, 2L, EV 95.6 MPH)
Bottom of the 1st over - 0 runs, 1 hit, 0 errors, 1 left on base; Tri-City 0 - Everett 0
TOP OF THE 2ND
Tri-City ValleyCats batting - Pitching for Everett AquaSox : RHP Josh Newell
Batting: SHB Sean Hill 0-0: Fly out, F8 (Flyball, 8LXD, EV 104.4 MPH)
Batting: RHB Drew Coleman 0-0: Ground out 6-3 (Groundball, 6S, EV 89.4 MPH)
Batting: RHB Kieron Clark 0-0: Ground out 1-3 (Groundball, 15S, EV 68.1 MPH)
Top of the 2nd over - 0 runs, 0 hits, 0 errors, 0 left on base; Tri-City 0 - Everett 0
BOTTOM OF THE 2ND
Everett AquaSox batting - Pitching for Tri-City ValleyCats : RHP Ryan Hoagland
Batting: RHB Matt Fenimore 0-0: Called Strike
0-1: Hit by Pitch
Batting: LHB William Gonzales 0-0: Fielders Choice at 2nd, 6-4 (Groundball, 56, EV 83.1 MPH)
Batting: RHB Eddie Luna 0-0: Foul Ball, location: 2F
0-1: Ball
1-1: Swinging Strike
1-2: Strikes out swinging
Batting: RHB Tai Joo 0-0: Swinging Strike
0-1: Ball
1-1: Foul Ball, location: 2F
1-2: Ball
2-2: Strikes out swinging
Bottom of the 2nd over - 0 runs, 0 hits, 0 errors, 1 left on base; Tri-City 0 - Everett 0
TOP OF THE 3RD
Tri-City ValleyCats batting - Pitching for Everett AquaSox : RHP Josh Newell
Batting: RHB Ray Souza 0-0: Ball
1-0: Foul Ball, location: 2F
1-1: Ball
2-1: Ground out 4-3 (Groundball, 4, EV 98.8 MPH)
Batting: RHB Patrick Pinault 0-0: Ball
1-0: Ball
2-0: Ball
3-0: Called Strike
3-1: Ground out 5-3 (Groundball, 5S, EV 72.5 MPH)
Batting: RHB Omar Amaya 0-0: Called Strike
0-1: Called Strike
0-2: Ball
1-2: Ball
2-2: Strikes out swinging
Top of the 3rd over - 0 runs, 0 hits, 0 errors, 0 left on base; Tri-City 0 - Everett 0
BOTTOM OF THE 3RD
Everett AquaSox batting - Pitching for Tri-City ValleyCats : RHP Ryan Hoagland
Batting: RHB James Bickel 0-0: Foul Ball, location: 2F
0-1: Ball
1-1: Ball
2-1: Foul Ball, location: 2F
2-2: Foul Ball, location: 2F
2-2: Foul Ball, location: 2F
2-2: Foul Ball, location: 2F
2-2: Strikes out swinging
Batting: SHB Tony Morales 0-0: Ball
1-0: Called Strike
1-1: Ball
2-1: SINGLE (Groundball, 6M, EV 85.0 MPH) (infield hit)
Batting: RHB Jose Zuniga 0-0: Swinging Strike
0-1: Hit by Pitch
Tony Morales to second
Batting: RHB Marco Diaz 0-0: Called Strike
0-1: Called Strike
0-2: Ball
1-2: Ball
2-2: Ball
3-2: Base on Balls
Tony Morales to third
Jose Zuniga to second
Batting: LHB Chris Jackson 0-0: Ball
1-0: Called Strike
1-1: Ball
2-1: Ball
3-1: DOUBLE (Line Drive, 78D, EV 110.0 MPH)
Tony Morales scores
Jose Zuniga scores
Marco Diaz to third
Runner from 3rd tries for Home, SAFE, throw by LF to home
Batting: RHB Matt Fenimore 0-0: Ball
1-0: Ball
2-0: Ball
3-0: Base on Balls
Batting: LHB William Gonzales 0-0: Ball
1-0: SINGLE (Groundball, 34D, EV 103.1 MPH)
Chris Jackson to third
Matt Fenimore to second
Batting: RHB Eddie Luna 0-0: Called Strike
0-1: Ball
1-1: Ball
2-1: Grounds into double play, 5-4-3 (Groundball, 56S, EV 83.8 MPH)
Bottom of the 3rd over - 3 runs, 3 hits, 0 errors, 2 left on base; Tri-City 0 - Everett 3
TOP OF THE 4TH
Tri-City ValleyCats batting - Pitching for Everett AquaSox : RHP Josh Newell
Batting: LHB Jackson Trottier 0-0: Called Strike
0-1: Foul Ball, location: 2F
0-2: Ball
1-2: Ball
2-2: DOUBLE (Flyball, 8LD, EV 93.8 MPH)
Batting: LHB Josh Corkery 0-0: Swinging Strike
0-1: Foul Ball, location: 2F
0-2: Foul Ball, location: 2F
0-2: Ball
1-2: Ball
2-2: Ball
3-2: DOUBLE (Line Drive, 78D, EV 105.6 MPH)
Jackson Trottier scores
Batting: RHB Juan Mendoza 0-0: Ball
1-0: Called Strike
1-1: Foul Ball, location: 2F
1-2: Fly out, F8 (Flyball, 8RD, EV 95.6 MPH)
Batting: SHB Sean Hill 0-0: Ball
1-0: SINGLE (Groundball, 34D, EV 103.1 MPH)
Josh Corkery to third
Runner from 3rd tries for Home, SAFE, throw by RF to home
Batting: RHB Drew Coleman 0-0: Ball
1-0: Foul Ball, location: 2F
1-1: Called Strike
1-2: Ball
2-2: Ball
3-2: Fielders Choice at 2nd, 6-4 (Groundball, 6, EV 90.0 MPH)
Batting: RHB Kieron Clark 0-0: Ball
Drew Coleman steals 2nd base
1-0: Foul Ball, location: 2F
1-1: Called Strike
1-2: Strikes out swinging
Top of the 4th over - 2 runs, 3 hits, 0 errors, 1 left on base; Tri-City 2 - Everett 3
BOTTOM OF THE 4TH
Everett AquaSox batting - Pitching for Tri-City ValleyCats : RHP Ryan Hoagland
Batting: RHB Tai Joo 0-0: Ball
1-0: Called Strike
1-1: Foul Ball, location: 2F
1-2: SINGLE (Line Drive, 3D, EV 101.9 MPH)
Batting: RHB James Bickel 0-0: Foul Ball, location: 2F
0-1: Ball
1-1: Called Strike
1-2: Strikes out looking
Batting: SHB Tony Morales 0-0: Ball
1-0: Foul Ball, location: 2F
1-1: Foul Ball, location: 2F
1-2: Strikes out swinging
Batting: RHB Jose Zuniga 0-0: Called Strike
0-1: Ball
1-1: SINGLE (Groundball, 34D, EV 94.4 MPH)
Tai Joo to second
Runner from 2nd tries for 3rd, SAFE, throw by RF made to third
Batting: RHB Marco Diaz 0-0: Called Strike
0-1: Ball
1-1: Ground out 4-3 (Groundball, 34S, EV 93.1 MPH)
Bottom of the 4th over - 0 runs, 2 hits, 0 errors, 2 left on base; Tri-City 2 - Everett 3
TOP OF THE 5TH
Tri-City ValleyCats batting - Pitching for Everett AquaSox : RHP Josh Newell
Batting: RHB Ray Souza 0-0: Ball
1-0: Foul Ball, location: 2F
1-1: Foul Ball, location: 2F
1-2: Foul Ball, location: 2F
1-2: Strikes out swinging
Batting: RHB Patrick Pinault 0-0: Called Strike
0-1: Called Strike
0-2: Ball
1-2: Ball
2-2: Strikes out swinging
Batting: RHB Omar Amaya 0-0: Ball
1-0: Ball
2-0: Ball
3-0: Called Strike
3-1: Foul Ball, location: 2F
3-2: SINGLE (Flyball, 8RS, EV 83.8 MPH)
Batting: LHB Jackson Trottier 0-0: Ball
Omar Amaya steals 2nd base
1-0: Ball
2-0: Swinging Strike
2-1: Fly out, F7 (Flyball, 78M, EV 85.0 MPH)
Top of the 5th over - 0 runs, 1 hit, 0 errors, 1 left on base; Tri-City 2 - Everett 3
BOTTOM OF THE 5TH
Everett AquaSox batting - Pitching for Tri-City ValleyCats : RHP Ryan Hoagland
Batting: LHB Chris Jackson 0-0: Called Strike
0-1: Ground out 5-3 (Groundball, 56S, EV 80.6 MPH)
Batting: RHB Matt Fenimore 0-0: Swinging Strike
0-1: Ball
1-1: Ground out 5-3 (Groundball, 56, EV 101.2 MPH)
Batting: LHB William Gonzales 0-0: Fly out, F7 (Line Drive, 7S, EV 88.8 MPH)
Bottom of the 5th over - 0 runs, 0 hits, 0 errors, 0 left on base; Tri-City 2 - Everett 3
TOP OF THE 6TH
Tri-City ValleyCats batting - Pitching for Everett AquaSox : RHP Josh Newell
Pitching: RHP Matt Lane
Batting: LHB Josh Corkery 0-0: Ground out 4-3 (Groundball, 34D, EV 77.5 MPH)
Batting: RHB Juan Mendoza 0-0: Called Strike
0-1: Ball
1-1: Foul Ball, location: 2F
1-2: Ground out 5-3 (Groundball, 56D, EV 106.9 MPH)
Batting: SHB Sean Hill 0-0: Ball
1-0: Foul Ball, location: 2F
1-1: Foul Ball, location: 2F
1-2: Ball
2-2: Ball
3-2: Ground out 6-3 (Groundball, 6, EV 91.2 MPH)
Top of the 6th over - 0 runs, 0 hits, 0 errors, 0 left on base; Tri-City 2 - Everett 3
BOTTOM OF THE 6TH
Everett AquaSox batting - Pitching for Tri-City ValleyCats : RHP Ryan Hoagland
Batting: RHB Eddie Luna 0-0: Called Strike
0-1: Foul Ball, location: 2F
0-2: Ball
1-2: SINGLE (Line Drive, 56D, EV 96.9 MPH)
Batting: RHB Tai Joo 0-0: Foul Ball, location: 2F
0-1: Ball
1-1: Swinging Strike
1-2: Fly out, F7 (Flyball, 7D, EV 102.5 MPH)
Batting: RHB James Bickel Pickoff Throw to First - Error! E1
Eddie Luna to second
0-0: Ball
1-0: Ball
2-0: Called Strike
2-1: Ground out 5-3 (Groundball, 56, EV 78.8 MPH)
Batting: SHB Tony Morales 0-0: Ball
1-0: Ground out 1-3 (Groundball, 34S, EV 68.8 MPH)
Bottom of the 6th over - 0 runs, 1 hit, 1 error, 1 left on base; Tri-City 2 - Everett 3
TOP OF THE 7TH
Tri-City ValleyCats batting - Pitching for Everett AquaSox : RHP Matt Lane
Batting: RHB Drew Coleman 0-0: SINGLE (Groundball, 6D, EV 103.1 MPH)
Batting: RHB Kieron Clark 0-0: Sac Bunt to P - play at first, batter OUT! 1-3
Drew Coleman to second
Batting: RHB Ray Souza 0-0: Ball
1-0: Reached on error, E2 (Groundball, 15S, EV 70.6 MPH)
Drew Coleman scores
Batting: RHB Patrick Pinault 0-0: Ball
1-0: Ball
2-0: Ground out 6-3 (Groundball, 6, EV 92.5 MPH)
Batting: RHB Omar Amaya 0-0: SINGLE (Groundball, 6M, EV 85.0 MPH) (infield hit)
Ray Souza to third
Batting: LHB Jackson Trottier 0-0: Called Strike
0-1: Ball
Omar Amaya is caught stealing 2nd base 2-6
Top of the 7th over - 1 run, 2 hits, 1 error, 1 left on base; Tri-City 3 - Everett 3
BOTTOM OF THE 7TH
Everett AquaSox batting - Pitching for Tri-City ValleyCats : RHP Ryan Hoagland
Batting: RHB Jose Zuniga 0-0: Ball
1-0: Foul Ball, location: 2F
1-1: Foul Ball, location: 2F
1-2: Foul Ball, location: 2F
1-2: Strikes out looking
Pitching: LHP Glenn Lowther
Batting: RHB Marco Diaz 0-0: Foul Ball, location: 2F
0-1: Foul Ball, location: 2F
0-2: Hit by Pitch
Batting: LHB Chris Jackson 0-0: Called Strike
0-1: Ball
1-1: Fly out, F7 (Flyball, 7LM, EV 83.8 MPH)
Batting: RHB Matt Fenimore 0-0: Ball
1-0: Foul Ball, location: 2F
1-1: Ball
2-1: Fielders Choice at 2nd, 6-4 (Groundball, 6, EV 83.1 MPH)
Bottom of the 7th over - 0 runs, 0 hits, 0 errors, 1 left on base; Tri-City 3 - Everett 3
TOP OF THE 8TH
Tri-City ValleyCats batting - Pitching for Everett AquaSox : RHP Matt Lane
Batting: LHB Jackson Trottier 0-0: Ball
1-0: Ball
2-0: Swinging Strike
2-1: Ball
3-1: Foul Ball, location: 2F
3-2: Strikes out swinging
Pitching: RHP Ian Gaines
Batting: LHB Josh Corkery 0-0: Called Strike
0-1: Called Strike
0-2: Ball
1-2: Foul Ball, location: 2F
1-2: Ball
2-2: Foul Ball, location: 2F
2-2: Fly out, F9 (Flyball, 9S, EV 79.4 MPH)
Batting: RHB Juan Mendoza 0-0: Ball
1-0: Ground out 6-3 (Groundball, 6, EV 90.6 MPH)
Top of the 8th over - 0 runs, 0 hits, 0 errors, 0 left on base; Tri-City 3 - Everett 3
BOTTOM OF THE 8TH
Everett AquaSox batting - Pitching for Tri-City ValleyCats : LHP Glenn Lowther
Batting: LHB William Gonzales 0-0: Ball
1-0: Fly out, F7 (Line Drive, 7S, EV 86.9 MPH)
Batting: RHB Eddie Luna 0-0: Foul Ball, location: 2F
0-1: Called Strike
0-2: Ball
1-2: Ball
2-2: Ball
3-2: Strikes out swinging
Batting: RHB Tai Joo 0-0: Foul Ball, location: 2F
0-1: Ball
1-1: SINGLE (Groundball, 4MD, EV 101.9 MPH)
Pinch Runner at 1st Doug Carter:
Batting: RHB James Bickel 0-0: Ball
Doug Carter is caught stealing 2nd base 2-4
Bottom of the 8th over - 0 runs, 1 hit, 0 errors, 0 left on base; Tri-City 3 - Everett 3
TOP OF THE 9TH
Tri-City ValleyCats batting - Pitching for Everett AquaSox : RHP Ian Gaines
Now at 3B: Richie Schraven
Batting: SHB Sean Hill 0-0: Ball
1-0: Called Strike
1-1: Swinging Strike
1-2: Ball
2-2: Ball
3-2: Fly out, F7 (Flyball, 78S, EV 85.6 MPH)
Batting: RHB Drew Coleman 0-0: Foul Ball, location: 2F
0-1: Ground out 3-1 (Groundball, 34, EV 98.8 MPH)
Batting: RHB Kieron Clark 0-0: Ball
1-0: Foul Ball, location: 2F
1-1: Called Strike
1-2: Strikes out swinging
Top of the 9th over - 0 runs, 0 hits, 0 errors, 0 left on base; Tri-City 3 - Everett 3
BOTTOM OF THE 9TH
Everett AquaSox batting - Pitching for Tri-City ValleyCats : LHP Glenn Lowther
Batting: RHB James Bickel 0-0: Ball
1-0: Called Strike
1-1: Fly out, F8 (Line Drive, 8RM, EV 86.2 MPH)
Batting: SHB Tony Morales 0-0: Ball
1-0: Foul Ball, location: 2F
1-1: Swinging Strike
1-2: Ball
2-2: Ball
3-2: Ground out 6-3 (Groundball, 6, EV 86.2 MPH)
Batting: RHB Jose Zuniga 0-0: Foul Ball, location: 2F
0-1: Ball
1-1: Swinging Strike
1-2: DOUBLE (Flyball, 8LXD, EV 102.5 MPH)
Batting: RHB Marco Diaz 0-0: Intentional Walk
Batting: LHB Chris Jackson 0-0: Ball
1-0: Ball
2-0: Ball
3-0: Called Strike
3-1: Ground out U3 (Groundball, 3, EV 91.9 MPH)
Bottom of the 9th over - 0 runs, 1 hit, 0 errors, 2 left on base; Tri-City 3 - Everett 3
TOP OF THE 10TH
Tri-City ValleyCats batting - Pitching for Everett AquaSox : RHP Ian Gaines
Pitching: RHP Dan Johnson
Pinch Hitting: LHB Tomas de Zeeuw 0-0: Ground out 4-3 (Groundball, 34, EV 97.5 MPH)
Batting: RHB Patrick Pinault 0-0: Ground out 5-3 (Groundball, 5S, EV 62.5 MPH)
Batting: RHB Omar Amaya 0-0: Swinging Strike
0-1: Ball
1-1: Called Strike
1-2: Ball
2-2: Ball
3-2: Foul Ball, location: 2F
3-2: SINGLE (Groundball, 56S, EV 64.4 MPH) (infield hit)
Batting: LHB Jackson Trottier 0-0: Called Strike
Omar Amaya steals 2nd base
0-1: Called Strike
0-2: Ball
1-2: Hit by Pitch
Batting: LHB Josh Corkery 0-0: Ball
1-0: Ball
2-0: Ball
3-0: Called Strike
3-1: Foul Ball, location: 2F
3-2: Ground out 6-3 (Groundball, 6, EV 105.6 MPH)
Top of the 10th over - 0 runs, 1 hit, 0 errors, 2 left on base; Tri-City 3 - Everett 3
BOTTOM OF THE 10TH
Everett AquaSox batting - Pitching for Tri-City ValleyCats : LHP Glenn Lowther
Now at C: Jamie Youngs
Batting: RHB Matt Fenimore 0-0: Foul Ball, location: 2F
0-1: Called Strike
0-2: Ball
1-2: Strikes out swinging
Pinch Hitting: RHB Heihachiro Fujita 0-0: Foul Ball, location: 2F
0-1: Ball
1-1: Called Strike
1-2: Strikes out swinging
Batting: RHB Eddie Luna 0-0: Swinging Strike
0-1: Foul Ball, location: 2F
0-2: SINGLE (Line Drive, 5D, EV 93.8 MPH)
Batting: RHB Richie Schraven 0-0: Called Strike
0-1: Fly out, F7 (Flyball, 7, EV 71.2 MPH)
Bottom of the 10th over - 0 runs, 1 hit, 0 errors, 1 left on base; Tri-City 3 - Everett 3
TOP OF THE 11TH
Tri-City ValleyCats batting - Pitching for Everett AquaSox : RHP Dan Johnson
Now at 1B: Roberto Medina
Batting: RHB Juan Mendoza 0-0: Ball
1-0: Called Strike
1-1: Ball
2-1: SINGLE (Flyball, 9S, EV 86.2 MPH)
Batting: SHB Sean Hill 0-0: Called Strike
0-1: Ball
1-1: Foul Ball, location: 2F
1-2: Ground out 4-3 (Groundball, 34, EV 101.2 MPH)
Juan Mendoza to second
Batting: RHB Drew Coleman 0-0: Called Strike
0-1: Ball
1-1: Ball
2-1: Called Strike
2-2: Foul Ball, location: 2F
2-2: Ground out 5-3 (Groundball, 5L, EV 77.5 MPH)
Batting: RHB Kieron Clark 0-0: Intentional Walk
Pinch Hitting: LHB Wade Girard 0-0: Called Strike
0-1: Foul Ball, location: 2F
0-2: Ball
1-2: Ball
2-2: Ball
3-2: Base on Balls
Juan Mendoza to third
Kieron Clark to second
Batting: RHB Patrick Pinault 0-0: SINGLE (Groundball, 4MD, EV 96.2 MPH)
Juan Mendoza scores
Kieron Clark to third
Wade Girard to second
Runner from 3rd tries for Home, SAFE, throw by CF to home
Batting: RHB Omar Amaya 0-0: Called Strike
0-1: Fielders Choice at 2nd, 6-4 (Groundball, 6, EV 101.9 MPH)
Top of the 11th over - 2 runs, 2 hits, 0 errors, 2 left on base; Tri-City 5 - Everett 3
BOTTOM OF THE 11TH
Everett AquaSox batting - Pitching for Tri-City ValleyCats : LHP Glenn Lowther
Now at C: Yoshitoshi Mori
Now at SS: Areda Obote
Now in LF: Drew Coleman
Now in CF: Omar Amaya
Pinch Hitting: RHB Rob Ward 0-0: Swinging Strike
0-1: Swinging Strike
0-2: Foul Ball, location: 2F
0-2: Strikes out swinging
Batting: SHB Tony Morales 0-0: Ground out 4-3 (Groundball, 4, EV 86.2 MPH)
Batting: RHB Jose Zuniga 0-0: Ball
1-0: Ground out 4-3 (Groundball, 4D, EV 96.2 MPH)
Bottom of the 11th over - 0 runs, 0 hits, 0 errors, 0 left on base; Tri-City 5 - Everett 3
Tuesday, March 28th , 2023 - OOTP Baseball 23.10 Build 110